 Dungeon Crawl Stone Soup version 0.20.1-1-g8b1a95d (webtiles) character file.

112 Reeggar the Skirmisher (level 4, -3/35 HPs)
             Began as a Demonspawn Abyssal Knight on Sept 26, 2017.
             Was a Follower of Lugonu.
             Slain by Grinder (5 damage)
             ... on level 3 of the Dungeon.
             The game lasted 00:19:26 (4170 turns).

Reeggar the Skirmisher (Demonspawn Abyssal Knight)  Turns: 4170, Time: 00:19:27

Health: -3/35      AC: 10    Str: 13    XL:     4   Next: 63%
Magic:  14/14      EV:  6    Int: 14    God:    Lugonu [*.....]
Gold:   151        SH:  0    Dex: 12    Spells: 3/3 levels left

rFire    . . .     SeeInvis .   a - +1 spear
rCold    . . .     Gourm    .   (no shield)
rNeg     . . .     Faith    +   n - +0 chain mail
rPois    .         Spirit   .   (helmet restricted)
rElec    .         Reflect  .   i - scarf {repulsion}
rCorr    .         Harm     .   (no gloves)
MR       .....                  (no boots)
Stlth    ..........             h - amulet of faith
Regen    0.2/turn               e - ring of magical power
MPRegen  0.2/turn               (no ring)

@: repel missiles
A: horns 1, iridescent scales 1
a: Depart the Abyss, Renounce Religion


You were on level 3 of the Dungeon.
You worshipped Lugonu.
Lugonu was aware of your devotion.
You were not hungry.

You visited 1 branch of the dungeon, and saw 3 of its levels.
You visited the Abyss 1 time.

You collected 151 gold pieces.

Inventory:

Hand Weapons
 a - a +1 spear (weapon)
Armour
 i - a scarf of repulsion (worn)
 n - a +0 chain mail (worn)
Jewellery
 e - a ring of magical power (left hand)
 h - an amulet of faith (around neck)
Potions
 b - a potion of flight {unknown}
 f - 3 potions of curing {unknown}
 g - a potion of cancellation {unknown}
 j - a potion of magic {unknown}
 k - a potion of degeneration {unknown}
Comestibles
 c - a bread ration
 d - 4 fruits
 l - 2 royal jellies
 m - 2 chunks of flesh


   Skills:
 + Level 3.5 Fighting
 + Level 3.1 Polearms
 + Level 2.6 Armour
 + Level 1.6 Dodging
 + Level 0.2 Stealth
 + Level 2.5 Invocations


You had 3 spell levels left.
You didn't know any spells.

Dungeon Overview and Level Annotations

Branches:
Dungeon (3/15)

Altars:
Makhleb

Annotations:
D:3 Grinder


Innate Abilities, Weirdness & Mutations

You have a pair of small horns on your head.
You are partially covered in iridescent scales. (AC +2)


Message History

You closely miss Grinder. You headbutt Grinder.
Grinder is lightly wounded.
Grinder says, "Are you a fish?" Grinder gestures at you.
You resist with significant effort.
You hit Grinder.
Grinder is moderately wounded.
Grinder gestures at you. Pain shoots through your body!
You barely miss Grinder. Your headbutt misses Grinder.
Grinder is moderately wounded.
Grinder blinks!
Grinder hits you.
* * * LOW HITPOINT WARNING * * *
You hit Grinder but do no damage.
Grinder is lightly wounded.
Grinder hits you!
* * * LOW HITPOINT WARNING * * *
You writhe in agony.
You die...

#.# #.#
#.# #.#
#.# #.#
#.# #.#
#.# #.#
#.# #.#
#.# #.#
#.# #.#
#.# #.#
#.# #.#
#.#
##.#####.#
#.#
#.....@5.#
#.########
########.#
#.........
#.#
#.########
### ###


You could see Grinder.

Vanquished Creatures
  Natasha (D:3)
  3 adders
  A leopard gecko (D:1)
  An orc (D:3)
  A ball python (D:3)
  3 giant cockroaches
  12 goblins
  5 hobgoblins
  3 jackals (D:1)
  6 kobolds
  A quokka (D:3)
  6 bats
  A frilled lizard (D:1)
  10 rats
54 creatures vanquished.

Notes
Turn   | Place    | Note
-------+----------+-------------------------------------------
     0 | Abyss:1  | Reeggar the Demonspawn Abyssal Knight began the quest for the Orb.
     0 | Abyss:1  | Reached XP level 1. HP: 18/18 MP: 2/2
    56 | Abyss:1  | Found a corrupted altar of Lugonu.
    85 | D:1      | Escaped the Abyss
   506 | D:1      | Gained mutation: You are partially covered in iridescent scales. (AC +2) [demonic ancestry]
   506 | D:1      | Reached XP level 2. HP: 19/24 MP: 3/3
   843 | D:1      | Reached * piety under Lugonu
   988 | D:1      | Reached skill level 1 in Dodging
  1112 | D:1      | Reached XP level 3. HP: 28/29 MP: 4/4
  2569 | D:3      | Noticed Natasha
  2633 | D:3      | Killed Natasha
  2633 | D:3      | Gained mutation: You have a pair of small horns on your head. [demonic ancestry]
  2633 | D:3      | Reached XP level 4. HP: 18/35 MP: 5/5
  4119 | D:3      | Found a burning altar of Makhleb.
  4155 | D:3      | Noticed Grinder
  4156 | D:3      | Paralysed by Grinder for 2 turns
  4170 | D:3      | Slain by Grinder

Skill      XL: |  1  2  3  4 |
---------------+-------------+-----
Polearms       | 2 3 |  3.1
Armour         | 2 |  2.6
Dodging        | 1 |  1.6
Fighting       | |  3.5
Stealth        | |  0.2
Invocations    | |  2.5

Action                   |  1- 3 |  4- 6 || total
-------------------------+-------+-------++-------
Melee: Spear             |   191 |    48 ||   239
       Headbutt          |       |     9 ||     9
Invok: Depart the Abyss  |     1 |       ||     1
  Use: Potion            |     1 |       ||     1
       Scroll            |     2 |     3 ||     5
 Stab: Sleeping          |     1 |       ||     1
  Eat: Chunk             |     2 |     2 ||     4
       Meat ration       |     1 |       ||     1
       Bread ration      |       |     1 ||     1
Armor: Leather armour    |    76 |       ||    76
       Scale mail        |    14 |    13 ||    27
       Chain mail        |       |    45 ||    45
Dodge: Dodged            |   137 |    30 ||   167
